Map: Black Site 2E

Players

muffyhunter - Winner!

  • Race: Zerg Zerg
  • Spawn Location: 5:00

JACK - Winner!

  • Race: Protoss Protoss
  • Spawn Location: 3:00

Spyasdin - Winner!

  • Race: Terran Terran
  • Spawn Location: 6:00

PhD

  • Race: Terran Terran
  • League: Diamond
  • Spawn Location: 9:00

Metasapien

  • Race: Zerg Zerg
  • League: Gold
  • Spawn Location: 12:00

Joshdwhit

  • Race: Protoss Protoss
  • League: Gold
  • Spawn Location: 11:00

VOD

Have the link to the VOD?

Description

Time

  • Played on: Sept. 4, 2017, 3:11 a.m.
  • Length: 21:15
Show
View Real Time Build Order
Export as new Build Order

muffyhunter Zerg - Winner!

Build Orders: Hatch First, Lurkers, Swarm Host 

Get SALT Encoding   

  12  0:01  Drone  
  13  0:14  Overlord  
  13  0:22  Drone  
  14  0:33  Drone x2  
  16  0:36  Drone  
  17  0:47  Drone  
  18  0:59  Hatchery  
  17  1:05  Drone  
  18  1:12  Drone  
  19  1:18  Spawning Pool  
  19  1:24  Extractor  
  19  1:25  Overlord  
  17  1:34  Drone  
  18  1:42  Overlord  
  18  1:53  Extractor  
  17  1:54  Drone  
  18  2:01  Drone  
  18  2:05  Queen  
  21  2:10  Queen  
  21  2:11  Drone  
  25  2:15  Drone  
  25  2:24  Drone  
  25  2:25  Drone  
  27  2:32  Metabolic Boost  
  27  2:34  Drone  
  29  2:37  Drone  
  29  2:44  Drone  
  29  2:49  Burrow  
  29  2:50  Drone  
  31  2:57  Spore Crawler  
  30  3:01  Drone  
  30  3:02  Drone  
  32  3:09  Drone  
  32  3:12  Drone  
  34  3:16  Lair  
  34  3:18  Drone  
  35  3:22  Drone  
  35  3:24  Drone  
  37  3:27  Extractor, Drone  
  37  3:29  Drone  
  37  3:32  Drone  
  39  3:36  Overlord  
  39  3:39  Drone  
  39  3:41  Drone  
  41  3:48  Extractor, Drone x3  
  40  3:55  Drone x3  
  45  3:56  Drone  
  45  4:00  Drone x2  
  49  4:04  Overlord  
  49  4:09  Zergling x2  
  50  4:13  Drone  
  51  4:19  Zergling x2  
  51  4:20  Nydus Network  
  51  4:23  Overseer  
  51  4:25  Overlord x2  
  51  4:32  Baneling Nest, Drone x2  
  52  4:39  Infestation Pit  
  52  4:42  Drone  
  52  4:43  Drone  
  53  4:48  Zergling x2  
  53  4:49  Zergling x4  
  56  5:02  Evolution Chamber  
  56  5:05  Zergling x8  
  59  5:21  Swarm Host x3  
  59  5:25  Baneling  
  59  5:26  Baneling x5  
  68  5:36  Overlord  
  68  5:37  Overseer  
  68  5:40  Zergling x6  
  71  5:45  Nydus Canal  
  71  5:47  Swarm Host  
  71  5:49  Overlord  
  74  5:50  Overlord x3  
  74  5:57  Zergling x2  
  74  5:58  Zergling x2  
  73  6:08  Zergling x2  
  62  6:15  Zergling x2  
  61  6:24  Zergling x10, Drone  
  65  6:36  Queen  
  66  6:47  Drone x3  
  66  6:48  Drone x2  
  66  6:53  Hatchery  
  69  6:55  Overseer  
  69  6:59  Nydus Canal  
  69  7:05  Zergling x2  
  70  7:10  Spine Crawler  
  70  7:12  Queen  
  63  7:28  Nydus Canal  
  62  7:36  Swarm Host x2  
  68  7:39  Evolution Chamber  
  79  7:58  Zerg Missile Weapons Level 1  
  79  7:59  Swarm Host  
  79  8:00  Swarm Host x5  
  79  8:03  Swarm Host  
  105  8:07  Zerg Ground Armor Level 1  
  105  8:35  Drone x5  
  105  8:41  Hatchery  
  109  8:42  Spire  
  109  8:43  Drone  
  109  8:47  Queen  
  109  8:48  Drone x3  
  114  8:49  Extractor  
  114  8:51  Overseer  
  114  8:52  Extractor  
  112  9:03  Drone x6  
  118  9:16  Spore Crawler  
  117  9:18  Drone x2  
  117  9:19  Spine Crawler  
  117  9:22  Hive  
  118  9:32  Swarm Host  
  118  9:33  Overlord x2  
  118  9:34  Overlord x2  
  118  9:36  Overlord x5  
  121  9:45  Nydus Canal  
  117  10:13  Nydus Canal  
  108  10:17  Swarm Host x3  
  117  10:23  Zergling x8, Hydralisk Den  
  117  10:24  Zergling x4  
  113  10:45  Nydus Canal  
  113  10:53  Greater Spire  
  113  10:54  Lurker Den  
  113  11:00  Hydralisk x6  
  111  11:13  Nydus Canal  
  104  11:22  Corruptor x4  
  97  11:30  Evolution Chamber, Drone x2  
  97  11:31  Drone  
  99  11:38  Nydus Canal  
  99  11:41  Overseer  
  99  11:46  Zerg Missile Weapons Level 2  
  99  11:48  Zerg Ground Armor Level 2  
  99  12:14  Zergling x4  
  99  12:15  Zergling x14  
  108  12:16  Adrenal Glands  
  108  12:20  Lurker x2  
  108  12:21  Lurker  
  111  12:32  Nydus Canal  
  111  12:43  Zerg Melee Weapons Level 1  
  111  12:47  Brood Lord  
  105  13:08  Brood Lord x2  
  110  13:12  Zergling x2  
  110  13:13  Zergling x16  
  110  13:16  Zergling x10  
  110  13:18  Zergling x4  
  110  13:19  Zergling x6  
  128  13:30  Nydus Canal  
  128  13:45  Nydus Canal  
  128  13:52  Hydralisk x2  
  128  13:58  Swarm Host x6  
  137  14:14  Lurker x2  
  98  14:27  Nydus Canal  
  90  14:32  Mutalisk x2  
  90  14:33  Mutalisk  
  90  14:34  Zergling x6  
  94  14:43  Mutalisk  
  91  14:49  Overseer  
  74  15:01  Zergling x8  
  74  15:02  Zergling x4  
  74  15:04  Drone x4  
  74  15:05  Drone x2  
  74  15:06  Queen, Drone x3  
  91  15:18  Nydus Network  
  90  15:25  Overlord  
  90  15:26  Overlord, Drone x2  
  83  15:50  Zergling x4  
  83  15:56  Hatchery  
  83  16:06  Nydus Canal  
  83  16:12  Drone x4  
  83  16:13  Drone  
  86  16:51  Drone x6  
  89  16:54  Zerg Flyer Weapons Level 1  
  83  17:17  Hatchery  
  83  17:19  Swarm Host x3  
  83  17:20  Swarm Host x3  
  100  17:28  Nydus Canal  
  100  17:31  Swarm Host x4  
  100  17:32  Swarm Host  
  115  17:38  Zergling x2  
  115  17:40  Zergling x10  
  112  18:20  Nydus Canal  
  112  18:25  Drone x7  
  112  18:26  Drone x4  
  120  19:11  Zergling x16  
  120  19:12  Zergling x8  
  129  19:30  Nydus Canal  
  127  19:43  Zergling x18  
  127  19:44  Nydus Canal  
  132  19:59  Nydus Canal  
  131  20:26  Pneumatized Carapace  
  131  20:32  Zergling x4  
  131  20:33  Zergling x2  
  134  20:39  Zergling x8  
  138  20:49  Hatchery  
  137  21:11  Nydus Canal  
Show
View Real Time Build Order
Export as new Build Order

JACK Protoss - Winner!

Build Orders:  

Get SALT Encoding   

  13  0:21  Probe (Chrono Boost)  
  13  0:32  Probe (Chrono Boost)  
  13  0:33  Pylon  
  14  0:42  Probe (Chrono Boost)  
  15  0:52  Pylon  
  15  0:53  Probe (Chrono Boost)  
  16  0:59  Gateway  
  16  1:03  Probe (Chrono Boost)  
  17  1:08  Forge  
  17  1:14  Probe (Chrono Boost)  
  18  1:21  Pylon  
  18  1:47  Probe (Chrono Boost)  
  19  1:55  Cybernetics Core  
  19  1:57  Probe (Chrono Boost)  
  20  2:08  Probe (Chrono Boost)  
  21  2:10  Cybernetics Core  
  21  2:14  Pylon  
  21  2:18  Probe (Chrono Boost)  
  21  2:20  Nexus  
  22  2:29  Probe (Chrono Boost)  
  23  2:34  Assimilator  
  23  2:39  Assimilator  
  23  2:42  Photon Cannon  
  23  2:49  Probe (Chrono Boost)  
  24  2:53  Pylon  
  24  3:00  Pylon, Probe (Chrono Boost)  
  25  3:28  Probe (Chrono Boost)  
  25  3:30  Assimilator  
  25  3:33  Probe (Chrono Boost)  
  27  3:34  Assimilator  
  27  3:38  Probe (Chrono Boost)  
  28  3:43  Photon Cannon, Probe (Chrono Boost)  
  29  3:49  Probe (Chrono Boost)  
  29  3:52  Stargate  
  29  3:54  Probe (Chrono Boost)  
  31  3:59  Probe (Chrono Boost)  
  32  4:04  Probe (Chrono Boost)  
  33  4:10  Probe (Chrono Boost)  
  33  4:15  Probe (Chrono Boost)  
  35  4:21  Probe (Chrono Boost)  
  36  4:25  Probe (Chrono Boost)  
  36  4:30  Probe (Chrono Boost)  
  38  4:35  Void Ray (Chrono Boost), Probe (Chrono Boost)  
  43  4:43  Fleet Beacon  
  43  4:50  Stargate  
  43  4:52  Probe  
  43  4:53  Probe  
  45  5:03  Probe  
  45  5:04  Protoss Air Weapons Level 1  
  45  5:05  Probe  
  47  5:14  Probe  
  47  5:17  Probe  
  49  5:24  Probe  
  49  5:28  Carrier (Chrono Boost)  
  56  5:41  Graviton Catapult  
  62  5:47  Probe  
  63  5:52  Carrier (Chrono Boost)  
  63  5:59  Probe  
  64  6:36  Stargate  
  64  6:38  Anion Pulse-Crystals  
  51  6:52  Probe x2  
  46  7:03  Probe  
  46  7:04  Probe  
  46  7:13  Probe  
  47  7:16  Probe  
  47  7:24  Probe  
  47  7:28  Probe  
  40  7:34  Probe  
  40  7:40  Probe  
  38  7:55  Probe  
  39  7:59  Probe  
  40  8:05  Probe  
  40  8:11  Probe  
  42  8:16  Probe  
  42  8:17  Pylon  
  42  8:19  Pylon  
  43  8:22  Pylon  
  43  8:23  Probe  
  43  8:26  Probe  
  45  8:36  Probe  
  45  8:37  Probe  
  45  8:38  Protoss Air Weapons Level 2, Protoss Shields Level 1  
  45  8:40  Carrier (Chrono Boost)  
  59  8:41  Carrier (Chrono Boost)  
  59  8:48  Probe  
  60  8:49  Probe  
  60  8:53  Pylon  
  61  9:00  Probe  
  61  9:02  Probe  
  63  9:12  Probe  
  63  9:14  Probe  
  71  9:23  Carrier (Chrono Boost)  
  71  9:26  Robotics Facility  
  71  9:31  Probe  
  71  9:32  Probe  
  73  9:43  Probe  
  73  9:45  Probe  
  75  9:55  Probe  
  76  10:19  Carrier (Chrono Boost)  
  76  10:20  Carrier (Chrono Boost)  
  88  10:28  Nexus  
  94  10:58  Observer  
  95  11:04  Twilight Council  
  95  11:05  Carrier (Chrono Boost)  
  95  11:08  Assimilator  
  95  11:12  Assimilator  
  95  11:16  Pylon  
  95  11:19  Observer  
  95  11:21  Pylon  
  95  11:24  Stargate  
  96  11:34  Pylon  
  96  11:36  Protoss Air Weapons Level 3  
  96  11:41  Pylon  
  96  11:42  Pylon  
  96  11:56  Probe  
  97  12:07  Probe  
  97  12:15  Carrier (Chrono Boost)  
  104  12:17  Probe  
  104  12:21  Probe  
  106  12:28  Probe  
  107  12:33  Probe  
  108  12:39  Probe  
  109  12:45  Probe  
  109  12:49  Probe  
  111  12:54  Carrier (Chrono Boost)  
  123  13:12  Carrier (Chrono Boost)  
  110  13:51  Carrier (Chrono Boost)  
  122  14:02  Carrier (Chrono Boost)  
  122  14:09  Carrier (Chrono Boost)  
  134  14:37  Carrier (Chrono Boost)  
  134  15:06  Carrier (Chrono Boost)  
  140  15:17  Observer  
  140  15:20  Protoss Shields Level 2  
  147  15:23  Carrier (Chrono Boost)  
  153  15:28  Carrier (Chrono Boost)  
  153  16:04  Pylon  
  153  16:08  Pylon  
  153  16:10  Pylon  
  159  16:35  Carrier (Chrono Boost)  
  159  16:59  Carrier (Chrono Boost)  
  159  17:00  Carrier (Chrono Boost)  
  177  17:41  Carrier (Chrono Boost)  
  157  18:53  Carrier x2 (Chrono Boost)  
  181  19:05  Carrier (Chrono Boost)  
  181  19:07  Carrier (Chrono Boost)  
Show
View Real Time Build Order
Export as new Build Order

Spyasdin Terran - Winner!

Build Orders: Command Center First (CC) 

Get SALT Encoding   

  12  0:01  SCV  
  13  0:13  SCV  
  14  0:23  Supply Depot  
  14  0:25  SCV  
  15  0:44  SCV  
  16  0:53  Supply Depot  
  16  0:57  SCV  
  17  1:09  SCV  
  18  1:15  Command Center  
  18  1:21  SCV  
  19  1:33  SCV  
  19  1:35  Barracks  
  20  1:57  SCV  
  20  2:00  Refinery  
  21  2:02  Refinery  
  21  2:09  SCV  
  22  2:21  SCV  
  23  2:24  Marine, Supply Depot  
  23  2:27  Supply Depot  
  23  2:28  SCV  
  25  2:37  SCV  
  25  2:40  SCV  
  25  2:42  Marine  
  28  2:48  Supply Depot  
  28  2:49  SCV  
  29  2:52  SCV  
  29  2:56  Supply Depot  
  30  3:00  Marine  
  30  3:01  SCV  
  30  3:04  SCV  
  33  3:13  SCV  
  33  3:16  SCV  
  33  3:18  Factory  
  34  3:28  SCV  
  34  3:30  SCV  
  36  3:40  Marine, SCV  
  38  3:42  SCV  
  39  3:52  SCV  
  39  3:54  SCV  
  41  3:58  Refinery  
  41  3:59  Refinery  
  41  4:03  Factory Tech Lab  
  41  4:04  SCV  
  41  4:05  Supply Depot  
  41  4:06  SCV  
  43  4:14  Command Center  
  43  4:17  SCV  
  44  4:19  SCV  
  45  4:29  Siege Tank, SCV  
  49  4:41  SCV, Engineering Bay  
  50  4:46  Orbital Command  
  50  4:53  SCV  
  50  4:59  Marine  
  52  5:01  Siege Tank  
  52  5:05  SCV  
  56  5:08  Supply Depot  
  53  5:17  Marine  
  47  5:33  Siege Tank  
  47  5:35  Marine  
  29  5:47  SCV  
  27  5:59  SCV  
  28  6:05  Siege Tank  
  28  6:06  Marine  
  28  6:09  Orbital Command  
  18  6:12  SCV  
  14  6:23  Marine  
  14  6:24  SCV  
  13  6:36  SCV x2  
  13  6:37  Siege Tank  
  18  6:48  SCV  
  15  6:59  SCV  
  15  7:09  Siege Tank  
  15  7:10  Engineering Bay  
  15  7:15  Orbital Command  
  4  7:45  SCV  
  4  7:46  SCV  
  6  7:57  SCV  
  6  7:58  SCV  
  5  8:10  SCV x2  
  7  8:22  SCV x2  
  9  8:34  SCV  
  10  8:46  SCV x2  
  12  8:55  Engineering Bay  
  12  8:58  SCV x2  
  14  9:10  SCV x2  
  16  9:21  Factory Tech Lab  
  16  9:22  SCV x2  
  18  9:29  Orbital Command  
  18  9:34  SCV x2  
  18  9:35  Missile Turret  
  20  9:44  Refinery  
  20  9:46  SCV x2  
  20  9:48  Refinery  
  22  9:55  Siege Tank  
  22  9:57  Missile Turret, SCV  
  22  9:58  SCV x2  
  28  10:09  SCV  
  29  10:24  Supply Depot  
  29  10:27  Siege Tank  
  32  10:41  SCV  
  33  10:46  Missile Turret  
  33  10:48  Supply Depot  
  33  10:49  Marine  
  34  10:53  SCV  
  35  10:59  Siege Tank  
  38  11:05  SCV  
  38  11:07  Marine  
  38  11:09  Missile Turret  
  40  11:17  Planetary Fortress  
  40  11:18  SCV  
  42  11:27  Barracks Reactor  
  42  11:28  Barracks  
  42  11:31  Siege Tank, SCV  
  45  11:43  SCV  
  46  11:49  Missile Turret  
  46  11:55  SCV  
  47  12:02  SCV  
  47  12:07  SCV  
  49  12:10  Supply Depot  
  49  12:13  Marine x2  
  49  12:14  SCV  
  52  12:16  Barracks Tech Lab  
  52  12:20  SCV  
  52  12:21  Barracks  
  56  12:26  SCV  
  56  12:29  Supply Depot  
  57  12:31  Marine x2  
  57  12:33  Supply Depot  
  57  12:36  Stimpack  
  59  12:38  SCV  
  59  12:44  SCV  
  61  12:48  Marine x2  
  61  12:50  SCV  
  64  12:53  Marine  
  64  12:56  SCV  
  66  13:01  Barracks  
  66  13:03  SCV  
  67  13:06  Marine x2  
  67  13:08  SCV  
  67  13:10  Barracks Reactor  
  67  13:11  Marine  
  71  13:13  Barracks  
  71  13:15  SCV  
  71  13:16  Terran Infantry Weapons Level 1  
  72  13:20  SCV  
  72  13:24  Marine x2  
  75  13:27  SCV  
  75  13:29  Marine  
  75  13:32  SCV  
  78  13:42  Marine x2  
  78  13:44  SCV  
  78  13:47  Marine  
  82  13:50  Barracks Reactor  
  82  13:55  Supply Depot  
  82  13:56  SCV  
  82  13:59  Marine x3  
  82  14:00  Marine x2  
  87  14:04  Marine  
  87  14:08  SCV  
  86  14:16  Marine x2  
  87  14:17  Marine x2  
  87  14:18  Supply Depot  
  87  14:21  Barracks Reactor  
  87  14:22  Marine  
  76  14:34  Marine x2  
  76  14:35  Marine x2  
  76  14:36  Combat Shields  
  76  14:37  Marine x2  
  79  14:40  Marine  
  79  14:52  Marine x2  
  81  14:53  Marine x2  
  81  14:54  Marine x2  
  81  14:58  Marine  
  80  15:06  Missile Turret  
  76  15:10  Marine x2, Terran Infantry Armor Level 1  
  76  15:11  Marine x4  
  76  15:12  Marine x2  
  83  15:16  Marine  
  84  15:28  Marine x2, Missile Turret  
  86  15:29  Marine x4  
  86  15:30  Marine x2  
  86  15:34  Marine  
  93  15:43  Siege Tank  
  93  15:45  Marine  
  93  15:46  Marine x2  
  93  15:47  Marine x3  
  93  15:48  Marine x2  
  101  15:51  Marine  
  101  15:54  Supply Depot  
  101  15:57  SCV  
  103  16:03  Marine x2  
  105  16:04  Marine x3  
  105  16:05  Marine  
  105  16:06  Marine x2  
  105  16:09  Marine, SCV  
  113  16:15  Siege Tank  
  113  16:17  Supply Depot  
  116  16:21  Marine x2, SCV  
  116  16:22  Marine x3  
  117  16:33  SCV  
  104  16:45  SCV  
  93  16:47  Siege Tank  
  93  16:52  Marine x7  
  93  16:53  Marine x2  
  105  17:09  Marine  
  105  17:10  Marine x3  
  109  17:18  Missile Turret  
  109  17:22  Supply Depot  
  109  17:23  Supply Depot  
  109  17:43  Marine x3, Siege Tank  
  115  17:47  Supply Depot  
  90  18:15  Siege Tank  
  89  18:26  Marine x7  
  89  18:27  Marine x2  
  98  18:43  Marine  
  98  18:44  Marine x7, Supply Depot  
  98  18:45  Marine  
  98  18:46  Supply Depot  
  98  18:47  Siege Tank  
  110  18:59  Missile Turret  
  110  19:01  Marine x3  
  110  19:02  Marine x6  
  117  19:08  Supply Depot  
  117  19:09  Supply Depot  
  119  19:19  Marine x4, Siege Tank  
  119  19:20  Marine x5  
  131  19:37  Marine x5  
  131  19:38  Marine x4  
  138  19:55  Marine x5  
  138  19:56  Marine x4  
  144  20:12  Marine  
  144  20:13  Marine x4  
Show
View Real Time Build Order
Export as new Build Order

PhD Terran 

Build Orders:  

Get SALT Encoding   

  12  0:01  SCV  
  13  0:13  SCV  
  14  0:25  SCV  
  15  0:34  Supply Depot  
  15  0:45  Refinery  
  15  0:55  SCV  
  15  0:56  Barracks  
  16  1:07  SCV  
  17  1:16  Barracks  
  17  1:18  Barracks  
  17  1:24  SCV  
  18  1:31  Refinery  
  18  1:37  SCV  
  19  1:43  Supply Depot  
  19  1:52  Barracks Reactor  
  19  1:54  SCV  
  20  2:03  Barracks Reactor  
  20  2:05  Barracks Reactor  
  20  2:10  SCV  
  21  2:22  Orbital Command  
  21  2:30  Reaper x2  
  23  2:40  Reaper  
  24  2:44  Reaper  
  24  2:51  Reaper  
  26  2:56  SCV  
  27  3:00  Reaper  
  28  3:06  Marine x2  
  30  3:19  Reaper  
  31  3:27  Supply Depot  
  31  3:49  Supply Depot, SCV, Command Center, Reaper x2  
  31  3:50  Reaper x2  
  36  4:00  Reaper  
  37  4:04  Reaper  
  37  4:07  SCV  
  39  4:14  Supply Depot  
  39  4:19  SCV  
  39  4:21  Reaper  
  39  4:23  Marine, Reaper  
  39  4:24  Marine  
  44  4:31  SCV  
  45  4:43  SCV, Reaper x2  
  48  4:53  Reaper  
  48  4:55  SCV  
  48  4:57  Supply Depot  
  48  4:58  Supply Depot  
  50  5:01  SCV  
  51  5:28  SCV x2  
  53  5:29  Reaper x4  
  57  5:49  Reaper x2  
  57  5:51  SCV x2  
  58  6:17  Reaper  
  58  6:18  Reaper x2  
  61  6:36  Reaper x2  
  61  6:37  SCV x2  
  63  6:49  SCV  
  53  7:12  SCV x2  
  53  7:14  Marine  
  53  7:15  Marine x5  
  60  7:24  SCV  
  60  7:25  SCV  
  57  7:46  SCV x2  
  57  7:47  Marine x4  
  57  7:48  Marine x2  
  65  7:58  SCV  
  56  8:02  SCV  
  56  8:05  Marine x4  
  48  8:08  Command Center  
  48  8:10  SCV, Command Center  
  47  8:15  SCV  
  48  8:22  SCV  
  48  8:26  Factory  
  48  8:27  SCV  
  50  8:32  Command Center  
  50  8:34  SCV  
  50  8:37  Marine x3  
  50  8:38  Marine x3  
  57  8:45  Orbital Command  
  57  8:46  SCV  
  58  9:01  Marine x3  
  58  9:02  Marine x3  
  63  9:03  SCV  
  65  9:10  Barracks  
  65  9:13  Starport  
  65  9:14  Factory Reactor  
  65  9:15  SCV  
  66  9:33  SCV x2  
  68  9:45  Orbital Command  
  68  9:53  SCV x2  
  68  9:55  Marine  
  68  9:56  Marine x4  
  68  9:57  Marine  
  68  9:58  Barracks Tech Lab  
  76  10:05  SCV  
  77  10:16  SCV  
  77  10:17  Viking, SCV x2  
  77  10:18  Viking  
  84  10:23  Stimpack  
  84  10:33  SCV x2  
  86  10:36  Refinery  
  85  10:53  Marine  
  85  10:54  Marine x3  
  89  11:04  Engineering Bay  
  89  11:05  SCV x2, Engineering Bay  
  89  11:06  SCV  
  92  11:35  Marine x6  
  92  11:36  Marine  
  92  11:37  Medivac x2  
  103  11:52  Marine  
  103  11:53  Marine x3  
  101  12:02  Marine x3  
  97  12:10  Marine  
  97  12:12  SCV x2  
  97  12:13  SCV  
  97  12:15  Planetary Fortress  
  101  12:19  Planetary Fortress  
  101  12:24  SCV  
  101  12:28  SCV x2  
  101  12:29  Marine x5  
  105  12:30  Marine x2  
  105  12:32  Medivac x2  
  105  12:34  Terran Infantry Weapons Level 1, Terran Infantry Armor Level 1  
  105  12:36  SCV  
  116  12:47  Marine x7  
  117  13:06  Marine  
  117  13:08  Medivac x2  
  87  13:20  Marine  
  87  13:21  Marine x5  
  87  13:24  Marine  
  94  13:31  SCV x2  
  96  13:38  Marine x3, Medivac x2  
  96  13:39  Armory  
  103  13:47  Marine x4  
  107  13:56  Marine x3  
  110  14:05  Marine x4  
  114  14:13  Marine  
  114  14:14  Marine  
  116  14:18  Marine  
  116  14:20  Supply Depot x2  
  66  15:32  Marine x2  
  66  15:33  Marine x4  
  66  15:34  Marine  
  73  15:50  Marine x3  
  73  15:51  Marine  
  54  17:08  Marine x3  
  54  17:09  Marine x4  
  54  17:11  Medivac x2  
  65  17:26  Marine  
  66  17:38  Marine x4  
  66  17:39  Marine x2  
  66  17:41  Medivac  
  66  17:44  Marine  
  74  17:46  Barracks  
  74  17:49  Barracks x2  
  75  17:52  Widow Mine  
  75  17:53  Barracks  
  75  17:56  Marine x6  
  83  18:10  Marine  
  84  18:13  Marine  
  84  18:14  Marine x4, Medivac x2  
  93  18:20  Widow Mine  
  88  18:46  Marine  
  88  18:47  Marine x3  
  63  19:36  Marine  
  63  19:38  Marine  
  62  19:44  Marine  
  62  20:03  Marine x2  
  62  20:04  Marine x2  
  29  20:21  Marine  
Show
View Real Time Build Order
Export as new Build Order

Metasapien Zerg 

Build Orders: Hatch First 

Get SALT Encoding   

  12  0:04  Drone  
  13  0:18  Overlord  
  13  0:20  Drone  
  14  0:24  Extractor  
  14  0:26  Extractor, Drone  
  13  0:31  Drone  
  17  0:42  Drone  
  17  0:59  Hatchery  
  17  1:02  Drone  
  17  1:06  Extractor  
  17  1:07  Drone  
  17  1:21  Spawning Pool  
  17  1:23  Drone  
  17  1:28  Drone  
  18  1:35  Drone  
  19  1:45  Overlord  
  19  1:58  Drone  
  20  2:09  Drone  
  20  2:13  Drone  
  22  2:17  Queen  
  22  2:18  Queen  
  22  2:22  Extractor  
  25  2:44  Hatchery  
  24  2:48  Drone x3  
  24  2:51  Drone x3  
  30  3:19  Lair  
  30  3:22  Drone x2  
  32  3:28  Drone  
  32  3:32  Roach Warren, Metabolic Boost  
  32  3:36  Drone x4  
  36  3:41  Overlord  
  36  3:48  Extractor  
  36  3:50  Overlord  
  35  3:59  Drone  
  35  4:01  Drone x2  
  35  4:02  Queen  
  40  4:06  Overlord  
  40  4:12  Drone x2  
  40  4:13  Drone  
  43  4:21  Drone x2  
  43  4:23  Overlord  
  45  4:29  Drone  
  46  4:35  Drone x2  
  48  4:39  Glial Reconstitution  
  48  4:48  Drone x2  
  48  4:49  Drone x4  
  48  4:50  Drone x2  
  48  4:51  Drone  
  57  4:55  Extractor  
  57  4:58  Hydralisk Den  
  55  5:01  Drone  
  55  5:02  Drone x2  
  58  5:13  Lair  
  58  5:22  Overlord x3  
  58  5:35  Evolution Chamber, Drone x3  
  59  5:39  Extractor  
  59  5:41  Extractor  
  59  5:42  Drone x3  
  61  5:43  Evolution Chamber  
  61  5:44  Drone x3  
  61  5:45  Drone  
  61  5:47  Muscular Augments  
  61  5:48  Overlord x3  
  64  5:50  Overlord  
  64  5:59  Spore Crawler  
  64  6:02  Spore Crawler  
  60  6:08  Hydralisk x4  
  60  6:09  Roach  
  60  6:10  Roach  
  65  6:12  Zergling x2  
  65  6:13  Zergling x2  
  65  6:15  Zergling x2  
  59  6:29  Zergling x4  
  59  6:30  Zergling x6  
  64  6:39  Queen  
  64  6:40  Queen  
  68  6:52  Drone  
  68  6:53  Drone x7  
  76  7:01  Pneumatized Carapace  
  76  7:02  Hydralisk  
  78  7:09  Zerg Missile Weapons Level 1  
  78  7:11  Zerg Ground Armor Level 1  
  72  7:27  Drone x4  
  72  7:28  Hydralisk x2, Drone x3  
  72  7:29  Hydralisk  
  81  7:30  Roach  
  85  7:52  Lair  
  85  7:55  Hatchery  
  85  7:56  Roach x3, Zergling x6  
  85  7:57  Zergling x2  
  94  8:05  Hydralisk  
  94  8:06  Hydralisk  
  98  8:26  Spire  
  97  8:32  Nydus Network  
  96  8:34  Drone x3  
  96  8:40  Drone  
  100  8:42  Extractor x2, Drone x3  
  100  8:44  Drone x2  
  100  8:46  Drone  
  100  8:47  Drone  
  105  8:53  Tunneling Claws  
  105  8:55  Burrow  
  105  9:01  Overlord x2  
  105  9:02  Overlord x3  
  105  9:05  Overlord x3  
  105  9:06  Overlord  
  105  9:27  Drone x2  
  105  9:28  Hydralisk  
  105  9:29  Hydralisk x7  
  105  9:30  Hydralisk  
  125  9:35  Zerg Missile Weapons Level 2  
  125  9:40  Infestation Pit  
  125  9:41  Zerg Flyer Weapons Level 1  
  124  9:46  Drone  
  124  9:49  Unknown  
  125  9:55  Queen  
  127  10:12  Overseer  
  127  10:18  Overseer  
  127  10:21  Overseer  
  127  10:23  Drone x3  
  127  10:24  Drone  
  127  10:25  Drone x4  
  127  10:26  Drone  
  127  10:27  Drone x3  
  139  10:29  Drone x3  
  130  10:56  Hydralisk  
  130  10:57  Hydralisk x3, Roach  
  130  10:58  Hydralisk x3, Roach x3  
  130  10:59  Roach x2  
  156  11:05  Spore Crawler  
  156  11:10  Hatchery  
  146  11:22  Hatchery  
  145  11:39  Hydralisk x2  
  147  11:40  Hydralisk x3, Corruptor, Roach  
  147  11:41  Roach x2, Corruptor x3  
  147  11:43  Hive  
  169  12:05  Hydralisk x2  
  169  12:06  Corruptor x2  
  169  12:07  Corruptor x2  
  181  12:14  Spire  
  180  12:34  Overseer  
  180  12:37  Corruptor x5  
  180  12:38  Corruptor x3  
  196  12:49  Zerg Flyer Armor Level 1  
  196  12:57  Hatchery  
  195  13:24  Zergling x8  
  195  13:25  Zergling x2  
  168  13:43  Hydralisk x2  
  168  13:44  Hydralisk x6  
  168  13:45  Zerg Missile Weapons Level 3  
  168  13:46  Zerg Ground Armor Level 2  
  135  13:58  Corruptor x3  
  135  13:59  Corruptor x7  
  134  14:31  Hydralisk x4  
  130  14:32  Roach x3, Corruptor  
  130  14:33  Corruptor x2  
  149  14:41  Hydralisk  
  149  14:42  Hydralisk x2  
  149  14:44  Zergling x10  
  158  14:56  Overseer  
  158  15:06  Greater Spire  
  158  15:10  Zergling x12  
  158  15:11  Zergling x16  
  172  15:16  Adrenal Glands  
  172  15:19  Drone  
  172  15:20  Drone  
  174  15:28  Overseer  
  174  15:44  Spine Crawler  
  174  15:45  Spine Crawler  
  174  15:48  Hydralisk x6  
  184  15:54  Drone x3  
  184  15:55  Queen  
  189  15:57  Extractor  
  189  16:00  Extractor  
  186  16:10  Overseer x3  
  186  16:11  Overseer  
  178  16:21  Overseer  
  176  16:30  Spore Crawler  
  176  16:32  Spore Crawler  
  174  16:35  Hydralisk  
  174  16:36  Zergling x6  
  174  16:37  Zergling x14  
  174  16:38  Zergling x8  
  190  16:41  Overseer  
  190  17:15  Unknown x3  
  190  17:17  Overlord x2  
  190  17:18  Overlord x6  
  190  17:19  Overlord x2  
  190  17:20  Hatchery  
  189  17:39  Brood Lord x2  
  193  17:46  Drone x3  
  71  18:17  Hydralisk x4  
  55  18:20  Overlord  
  47  18:38  Hydralisk  
  49  18:43  Drone x2  
  49  18:44  Overlord, Drone  
  49  18:45  Drone x3  
  55  19:14  Zergling x16  
  55  19:15  Zergling x12  
  69  19:22  Hatchery  
  68  19:31  Zergling x2  
  68  19:32  Zergling x14  
  76  19:44  Zergling x2  
  76  19:45  Zergling x8  
  81  19:49  Hatchery  
  80  20:03  Zergling x12  
  80  20:04  Zergling x2  
  81  20:22  Baneling Nest  
  60  20:38  Zergling x8  
  60  20:39  Zergling x30  
  60  20:41  Hydralisk x3  
Show
View Real Time Build Order
Export as new Build Order

Joshdwhit Protoss 

Build Orders: Dark Templar Rush 

Get SALT Encoding   

  12  0:02  Probe (Chrono Boost)  
  13  0:13  Probe (Chrono Boost)  
  14  0:21  Pylon  
  14  0:24  Probe (Chrono Boost)  
  15  0:39  Probe (Chrono Boost)  
  15  0:42  Gateway  
  16  0:49  Assimilator  
  16  0:53  Assimilator  
  16  0:55  Probe (Chrono Boost)  
  17  1:05  Probe (Chrono Boost)  
  18  1:16  Probe (Chrono Boost)  
  19  1:25  Gateway  
  19  1:30  Cybernetics Core  
  19  1:33  Probe (Chrono Boost)  
  21  1:47  Probe (Chrono Boost)  
  21  1:57  Probe (Chrono Boost)  
  21  1:58  Pylon  
  22  2:14  Probe (Chrono Boost)  
  23  2:16  Warp Gate (Chrono Boost)  
  23  2:21  Twilight Council  
  23  2:28  Robotics Facility  
  23  2:38  Gateway  
  23  2:41  Probe  
  24  3:00  Charge (Chrono Boost)  
  24  3:07  Dark Shrine  
  24  3:08  Probe  
  25  3:18  Gateway  
  25  3:25  Pylon  
  25  3:35  Warp Prism  
  27  3:47  Gateway  
  27  4:15  Nexus  
  27  4:19  Probe  
  28  4:49  Dark Templar x3  
  28  4:50  Dark Templar x2  
  38  5:02  Pylon  
  38  5:05  Pylon  
  38  5:47  Dark Templar  
  38  5:48  Dark Templar  
  42  5:57  Probe  
  42  5:59  Probe  
  42  6:08  Probe  
  42  6:11  Probe  
  44  6:23  Probe  
  37  7:29  Gateway  
  37  7:31  Gateway  
  37  7:33  Gateway  
  37  7:35  Gateway  
  37  7:37  Gateway  
  37  7:42  Forge x2  
  35  7:48  Assimilator  
  35  7:53  Assimilator  
  35  7:56  Pylon  
  35  8:02  Pylon  
  35  8:06  Pylon  
  35  8:17  Protoss Ground Weapons Level 1 (Chrono Boost)  
  35  8:23  Protoss Ground Armor Level 1 (Chrono Boost)  
  35  8:25  Warp Prism  
  33  8:45  Blink  
  33  8:51  Zealot x5  
  33  8:52  Zealot x5  
  53  9:29  Observer  
  52  10:20  Nexus  
  52  10:26  Pylon  
  52  10:27  Pylon  
  52  10:32  Pylon  
  52  10:36  Pylon  
  52  10:37  Stalker  
  52  10:38  Dark Templar x4  
  52  10:39  Dark Templar x3  
  66  10:58  Zealot  
  66  10:59  Zealot  
  70  11:25  Protoss Ground Weapons Level 2 (Chrono Boost)  
  70  11:26  Protoss Ground Armor Level 2 (Chrono Boost)  
  70  11:30  Observer  
  71  11:39  Dark Templar  
  73  11:40  Dark Templar x6  
  73  11:41  Dark Templar  
  87  11:55  Probe x2  
  87  12:00  Probe  
  89  12:07  Probe  
  89  12:08  Probe  
  92  12:11  Probe  
  93  12:23  Probe x3  
  96  12:38  Photon Cannon  
  96  12:39  Photon Cannon  
  96  12:40  Assimilator, Probe x2  
  96  12:41  Assimilator  
  96  12:43  Photon Cannon x2  
  98  12:54  Zealot x4  
  106  13:19  Zealot x5  
  116  13:20  Zealot x3  
  122  13:31  Probe x2  
  122  13:32  Probe  
  125  13:42  Probe  
  60  15:15  Dark Templar x2  
  60  15:16  Dark Templar x7  
  78  15:52  Dark Templar x5  
  78  15:53  Dark Templar x5  
  60  16:57  Observer  
Tags
 
Add a new tag
Caveats
  • Supply blocks, unpowered buildings, or Contaminate may cause inaccurate times.
  • Supply counts are checked every 10 seconds.